Map: Rosanegro LE

Players

IagoAbreu - Winner!

  • Race: Terran Terran
  • Spawn Location: 7:00

Chacal

  • Race: Protoss Protoss
  • League: Silver
  • Spawn Location: 1:00

VOD

Have the link to the VOD?

Description

Time

  • Played on: Feb. 3, 2018, 7:54 p.m.
  • Length: 28:06
Show
View Real Time Build Order
Export as new Build Order

IagoAbreu Terran - Winner!

Build Orders: Command Center First (CC) 

Get SALT Encoding   

  12  0:02  SCV  
  13  0:14  SCV  
  13  0:20  Supply Depot  
  14  0:27  SCV  
  15  0:55  Command Center  
  15  0:58  SCV  
  16  1:10  SCV  
  17  1:37  SCV  
  18  1:42  Barracks  
  18  1:46  Supply Depot  
  18  1:49  SCV  
  19  2:33  Barracks  
  19  2:34  SCV  
  20  2:49  SCV, Engineering Bay  
  21  3:03  SCV  
  22  3:15  SCV  
  22  3:17  Refinery x2  
  23  3:28  SCV  
  24  3:51  Orbital Command  
  24  3:54  SCV  
  25  4:06  SCV  
  25  4:18  SCV  
  26  4:28  SCV, Barracks Reactor  
  26  4:30  SCV  
  28  4:36  Barracks Reactor  
  28  4:39  Supply Depot  
  28  4:40  Supply Depot x2  
  28  4:41  Supply Depot x2  
  28  4:43  Terran Infantry Weapons Level 1  
  28  4:48  SCV  
  29  5:01  SCV  
  29  5:02  Supply Depot  
  29  5:03  Supply Depot x2  
  30  5:07  Bunker  
  30  5:08  Reaper  
  30  5:09  Reaper  
  30  5:13  SCV  
  33  5:21  Factory  
  33  5:29  Engineering Bay  
  33  5:32  SCV  
  33  5:35  SCV  
  35  5:39  Reaper  
  35  5:40  Reaper  
  37  5:43  Marine  
  37  5:44  Marine, SCV  
  40  5:56  SCV  
  41  6:01  Marine x2  
  43  6:05  Building Armor  
  43  6:08  SCV  
  44  6:13  Refinery  
  44  6:15  Marine x2  
  44  6:17  Refinery  
  46  6:19  Marine x2  
  46  6:20  SCV  
  49  6:33  Marine x2  
  49  6:37  Marine x2  
  49  6:38  Terran Infantry Armor Level 1  
  53  6:51  Marine x2  
  55  6:55  Marine x2  
  55  6:56  Missile Turret  
  55  7:00  Missile Turret  
  57  7:13  Command Center  
  57  7:25  Missile Turret  
  57  7:27  Missile Turret  
  57  7:42  Marine x4  
  61  7:47  Missile Turret  
  61  7:50  Missile Turret  
  61  7:53  Missile Turret  
  61  7:54  Factory Tech Lab  
  61  7:59  Marine  
  61  8:00  Marine x3  
  65  8:06  Armory  
  65  8:10  Missile Turret  
  65  8:15  Starport  
  65  8:16  Missile Turret  
  65  8:17  Marine, Starport  
  65  8:18  Marine x2  
  68  8:43  Planetary Fortress  
  68  8:45  SCV  
  69  8:49  Siege Tank  
  69  8:57  SCV  
  69  9:00  Reaper x2  
  69  9:01  Reaper x2  
  73  9:09  SCV  
  74  9:11  Starport Reactor x2  
  74  9:18  Factory  
  74  9:22  SCV  
  75  9:31  Terran Vehicle Weapons Level 1  
  75  9:34  SCV, Liberator x2  
  76  9:40  Liberator  
  76  9:47  Terran Infantry Weapons Level 2  
  76  9:48  Terran Infantry Armor Level 2  
  76  9:51  Liberator  
  85  10:10  SCV  
  89  10:14  Refinery  
  89  10:21  Marine x4  
  89  10:22  SCV  
  94  10:28  Factory Tech Lab  
  94  10:34  SCV  
  95  10:39  Marine x4, Refinery  
  99  10:46  SCV  
  100  10:57  Marine  
  100  10:58  SCV  
  100  11:03  Missile Turret  
  102  11:41  Reaper x2  
  102  11:42  Reaper x2  
  106  12:01  Planetary Fortress  
  106  12:13  Reaper  
  106  12:14  Reaper x3  
  108  12:58  Marine  
  108  12:59  Marine x3  
  112  13:16  Marine x2  
  112  13:17  Marine x2  
  116  13:27  Thor  
  122  13:35  Thor  
  128  13:47  Medivac x3  
  128  13:48  Medivac  
  136  13:57  Starport  
  136  14:04  Starport  
  136  14:06  Terran Infantry Weapons Level 3  
  136  14:07  Terran Infantry Armor Level 3  
  136  14:12  Terran Ship Weapons Level 1  
  131  15:35  Reaper x4  
  135  15:44  Liberator x2  
  135  15:45  Liberator x2  
  134  15:57  Starport Reactor x2  
  146  16:07  Reaper x3  
  146  16:08  Reaper, Thor  
  146  16:10  Terran Ship Weapons Level 2  
  156  16:21  Thor  
  161  16:27  Liberator x4  
  170  16:51  Reaper x2  
  170  16:52  Reaper  
  173  17:04  Supply Depot  
  173  17:06  Supply Depot x2  
  173  17:07  Supply Depot  
  173  17:08  Supply Depot  
  173  17:09  Supply Depot  
  173  17:12  Supply Depot  
  173  17:24  Reaper x4  
  173  17:26  Viking x3  
  173  17:27  Viking  
  173  17:28  Supply Depot  
  185  17:34  Medivac x4  
  193  17:40  Siege Tank x2  
  199  17:56  Reaper  
  196  18:39  Reaper x4  
  186  20:53  Reaper x3  
  186  20:54  Reaper  
  190  21:01  Viking x3  
  190  21:02  Viking x2  
  150  24:55  Liberator x5  
  150  24:57  Liberator  
  150  25:07  Raven  
  170  25:33  Reaper x2  
  170  25:34  Reaper x2  
  173  25:44  Liberator x4  
  173  25:45  Liberator x2  
  171  25:50  Raven  
  191  26:05  Reaper x2  
  191  26:06  Reaper x2  
  169  26:37  Reaper  
  169  26:38  Reaper x2  
Show
View Real Time Build Order
Export as new Build Order

Chacal Protoss 

Build Orders:  

Get SALT Encoding   

  12  0:03  Probe (Chrono Boost)  
  13  0:18  Pylon  
  13  0:29  Probe  
  14  0:44  Forge  
  14  0:45  Probe  
  15  0:57  Probe (Chrono Boost)  
  16  1:09  Probe (Chrono Boost)  
  17  1:15  Probe (Chrono Boost)  
  18  1:23  Probe  
  19  1:36  Probe  
  20  1:41  Pylon  
  20  2:01  Photon Cannon  
  19  2:09  Probe (Chrono Boost)  
  20  2:19  Pylon  
  20  2:20  Probe (Chrono Boost)  
  21  2:24  Pylon, Probe (Chrono Boost)  
  22  2:35  Probe  
  23  2:47  Probe  
  24  2:52  Pylon  
  24  2:56  Nexus  
  24  3:06  Gateway  
  24  3:07  Gateway x2  
  24  3:10  Gateway  
  24  3:14  Gateway x2  
  24  3:36  Probe  
  24  3:38  Photon Cannon  
  24  3:39  Photon Cannon  
  24  3:40  Photon Cannon  
  25  3:48  Probe  
  26  3:56  Photon Cannon  
  26  4:01  Probe  
  27  4:12  Zealot  
  27  4:13  Zealot x4, Probe  
  38  4:25  Probe  
  39  4:35  Photon Cannon x2  
  39  4:54  Probe  
  40  5:06  Assimilator, Probe  
  41  5:10  Assimilator  
  41  5:23  Assimilator  
  41  5:26  Assimilator  
  41  5:28  Cybernetics Core  
  41  5:34  Pylon  
  41  5:36  Pylon  
  41  5:42  Pylon  
  41  5:44  Probe x2  
  43  5:56  Probe x2  
  45  6:07  Warp Gate  
  45  6:08  Probe x2  
  47  6:23  Photon Cannon  
  47  6:27  Photon Cannon  
  47  6:32  Photon Cannon  
  47  6:34  Photon Cannon  
  47  6:38  Photon Cannon  
  47  6:40  Gateway  
  47  6:42  Gateway  
  47  7:02  Twilight Council  
  47  7:44  Dark Shrine  
  47  7:51  Pylon  
  47  7:57  Pylon  
  37  8:41  Stalker x4  
  43  8:42  Stalker x3  
  51  9:08  Stargate  
  51  9:13  Pylon  
  51  9:15  Pylon  
  51  9:17  Pylon  
  51  9:21  Pylon  
  51  9:23  Pylon  
  51  9:26  Pylon  
  51  9:29  Photon Cannon  
  51  9:30  Photon Cannon  
  51  9:32  Photon Cannon  
  51  9:35  Photon Cannon  
  51  9:38  Photon Cannon  
  51  9:39  Photon Cannon  
  51  9:41  Pylon  
  51  9:57  Robotics Facility  
  51  10:03  Fleet Beacon  
  51  10:28  Nexus  
  51  10:32  Assimilator, Dark Templar x2  
  51  10:33  Assimilator, Dark Templar x3  
  51  10:35  Dark Templar  
  63  10:36  Pylon  
  63  10:39  Pylon  
  63  10:42  Dark Templar  
  65  11:14  Photon Cannon  
  65  11:16  Photon Cannon  
  65  11:17  Photon Cannon  
  65  11:21  Photon Cannon  
  64  11:44  Warp Prism  
  66  12:20  Warp Prism  
  66  12:21  Carrier  
  74  12:57  Pylon  
  74  13:12  Pylon  
  74  13:19  Photon Cannon  
  74  13:20  Photon Cannon  
  74  13:29  Pylon  
  74  13:46  Carrier  
  80  13:53  Pylon  
  80  13:57  Photon Cannon  
  80  13:59  Photon Cannon  
  80  14:06  Pylon  
  80  14:10  Anion Pulse-Crystals  
  80  14:27  Photon Cannon  
  80  14:29  Photon Cannon  
  80  14:34  Photon Cannon  
  80  14:38  Nexus  
  80  14:42  Photon Cannon  
  80  15:12  Carrier  
  85  15:14  Graviton Catapult  
  85  16:18  Pylon  
  85  16:38  Carrier  
  85  16:54  Photon Cannon  
  85  16:55  Photon Cannon  
  85  16:57  Photon Cannon  
  85  17:03  Pylon  
  85  17:16  Protoss Air Armor Level 1  
  85  17:49  Nexus  
  85  18:03  Carrier  
  91  18:22  Pylon  
  91  18:24  Pylon  
  91  18:31  Photon Cannon  
  91  19:06  Photon Cannon  
  91  19:10  Protoss Air Weapons Level 1  
  91  19:14  Photon Cannon  
  91  19:21  Photon Cannon  
  91  19:27  Probe  
  91  19:28  Probe x2  
  91  19:29  Carrier  
  100  19:39  Probe  
  100  19:40  Probe x2  
  103  19:52  Probe x3  
  106  20:19  Assimilator  
  106  20:23  Assimilator  
  106  20:41  Probe  
  107  20:55  Carrier  
  113  21:05  Stargate  
  113  21:07  Stargate  
  113  21:08  Protoss Air Weapons Level 2  
  113  21:57  Pylon  
  112  22:20  Carrier  
  112  22:22  Carrier x2  
  118  22:29  Observer  
  130  23:24  Protoss Air Armor Level 2  
  130  23:38  Pylon  
  130  23:46  Carrier  
  130  23:48  Carrier x2  
  106  25:13  Nexus  
  106  25:15  Assimilator  
Tags
 
Add a new tag
Caveats
  • Supply blocks, unpowered buildings, or Contaminate may cause inaccurate times.
  • Supply counts are checked every 10 seconds.